[Event "Late-Titled-Tuesday-Blitz-May-07-2024"]
[Site "Chess.com"]
[Date "2024.05.07"]
[Round "8"]
[White "Temirlan_Baltabaev"]
[Black "Supelyel"]
[Result "0-1"]
[WhiteElo "2557"]
[BlackElo "2434"]
[TimeControl "180+1"]
[EndTime "15:28:42 PDT"]
[Termination "Supelyel won by checkmate"]

1. d4 d6 2. Nf3 Nf6 3. g3 Nbd7 4. Bg2 e5 5. Nbd2 c6 6. e4 Be7 7. c3 O-O 8. O-O Re8 9. Re1 a6 10. Qc2 b5 11. a4 Bb7 12. Nh4 Qc7 13. Nf5 Bf8 14.
Nb3 h6 15. axb5 axb5 16. dxe5 Rxa1 17. exf6 Ra4 18. fxg7 Bxg7 19. Nxh6+ Bxh6 20. Bxh6 d5 21. Nd4 dxe4 22. Bxe4 Nf6 23. Bh7+ Kh8 24. Rxe8+ Nxe8 25. Bf4 Ra1+ 26. Kg2 c5+ 27. f3 Qe7 28. Nb3 Re1 29. Nc1 Nf6 30. Bf5 Bc6 31. Nd3 Re2+ 32. Qxe2 Qxe2+ 33. Kh3 Qxf3 34. Nxc5 Qh5# 0-1

[Event "Late-Titled-Tuesday-Blitz-May-07-2024"]
[Site "Chess.com"]
[Date "2024.05.07"]
[Round "8"]
[White "ploxoi"]
[Black "Navyblue1"]
[Result "1-0"]
[WhiteElo "2333"]
[BlackElo "2220"]
[TimeControl "180+1"]
[EndTime "15:28:42 PDT"]
[Termination "ploxoi won by resignation"]

1. d4 Nf6 2. c4 g6 3. g3 Bg7 4. Bg2 d6 5. Nf3 O-O 6. O-O c6 7. Nc3 Qb6 8. Qc2 Qa6 9. Nd2 Nbd7 10. e4 e5 11. Ne2 exd4 12. Nxd4 Re8 13. N2b3 Ne5 14. c5 dxc5 15. Nxc5 Qc4 16. Be3 Nfg4 17. Rad1 Nxe3 18. fxe3 Qxc2 19. Nxc2 Bg4 20. Rd2 b6 21. Nb3 Nc4 22. Rdf2 Be6 23. Nbd4 Nxe3 24. Nxe6 Nxf1 25. Nc7 Nxh2 26. Kxh2 Rad8 27. Nxe8 Rxe8 28. Rd2 c5 29. b3 Re7 30. Ne3 Bd4 31. Nd5 Re6 32. Bf3 Kg7 33.
Kg2 h5 34. Nf4 Re5 35. Ne2 Be3 36. Rd3 Bg5 37. Rd7 a5 38. Nc3 Bd2 39. Nd5 Bg5 40. Nxb6 Re6 41. Nc4 Ra6 42. Ne5 1-0

[Event "Late-Titled-Tuesday-Blitz-May-07-2024"]
[Site "Chess.com"]
[Date "2024.05.07"]
[Round "8"]
[White "Arek_pacitan"]
[Black "vugarrasulov"]
[Result "0-1"]
[WhiteElo "2758"]
[BlackElo "2995"]
[TimeControl "180+1"]
[EndTime "15:28:43 PDT"]
[Termination "vugarrasulov won by resignation"]

1. d4 Nf6 2. c4 e6 3. Nc3 Bb4 4.
Qc2 h6 5. e3 d5 6. Nf3 O-O 7.
Bd2 b6 8. a3 Bd6 9. Nb5 c5 10.
cxd5 exd5 11. Nxd6 Qxd6 12. Bd3 Nc6 13. dxc5 bxc5 14.
Rc1 c4 15. Bf5 Bxf5 16. Qxf5 Ne4 17. O-O Rab8 18. Rc2 Qe6 19. Qh5 Rb3 20. Rd1 f5 21. Bc1 Rd8 22. Nh4 Rd3 23. Re1 Rf8 24. Qe2 f4 25.
Nf3 fxe3 26. Bxe3 Qg6 27. Rd1 Nd6 28. Rcd2 Rxd2 29. Qxd2 Ne7 30. Ne5 Qe6 31. Bd4 Ndf5 32. Bc3 Rd8 33. Nf3 Nc6 34. Re1 Qf7 35. Ne5 Nxe5 36.
Bxe5 d4 37. Qa5 Qd5 38. Qxa7 d3 39. g4 d2 40. Rd1 Qxe5 41. gxf5 Qe1+ 42. Kg2 Qxd1 0-1

[Event "Late-Titled-Tuesday-Blitz-May-07-2024"]
[Site "Chess.com"]
[Date "2024.05.07"]
[Round "8"]
[White "MiguelBestard1981"]
[Black "Arteler"]
[Result "1-0"]
[WhiteElo "2192"]
[BlackElo "2257"]
[TimeControl "180+1"]
[EndTime "15:28:43 PDT"]
[Termination "MiguelBestard1981 won on time"]

1. d4 d5 2. Bf4 e6 3. e3 c5 4. c3 Nf6 5. Nd2 cxd4 6. exd4 Nc6 7. Bd3 Bd6 8. Bxd6 Qxd6 9. Ngf3 O-O 10. O-O a6 11. Re1 b5 12. a3 Bb7 13. Ne5 Nd7 14. Qh5 h6 15. Re3 Ndxe5 16. dxe5 Qc7 17. Rae1 Ne7 18.
Rg3 Kh8 19. Ree3 d4 20. Rxg7 Kxg7 21. Rg3+ Ng6 22. Bxg6 Rh8 23. Be4+ Kf8 24. Rf3 Bxe4 25. Nxe4 dxc3 26. Rxc3 Qd7 27. Nd6 Ra7 28. Rc8+ Kg7 29.
Rxh8 Kxh8 30. Qxh6+ Kg8 31. Qg5+ Kf8 32. h4 Rc7 33. h5 Qe7 34. Qh6+ Kg8 35. Qf4 Rc5 36. h6 1-0

[Event "Late-Titled-Tuesday-Blitz-May-07-2024"]
[Site "Chess.com"]
[Date "2024.05.07"]
[Round "8"]
[White "K_A_S_T_O_R"]
[Black "only_strong_moves"]
[Result "1-0"]
[WhiteElo "2838"]
[BlackElo "2704"]
[TimeControl "180+1"]
[EndTime "15:28:46 PDT"]
[Termination "K_A_S_T_O_R won by resignation"]

1. e4 e5 2. Nf3 Nc6 3. Bb5 a6 4. Ba4 Nge7 5. O-O Ng6 6. c3 d5 7. d3 dxe4 8. dxe4 Qxd1 9. Rxd1 Bd7 10. Be3 Be7 11. Nbd2 O-O-O 12. h3 h6 13. Bc2 Bf6 14. Kh2 Rhe8 15. g3 Be6 16. Bb3 Na5 17. Bxe6+ Rxe6 18. b4 Nc6 19. Nc4 b5 20. Rxd8+ Bxd8 21. Ncd2 Rd6 22. Kg2 Rd3 23. Rc1 Be7 24. Kf1 Kb7 25.
Ke2 Rd8 26. a4 bxa4 27. Ra1 a3 28. Nc4 a5 29. b5 Na7 30. Nxa5+ Ka8 31. Bxa7 Kxa7 32.
Nc6+ Kb6 33. Nxd8 Bxd8 34. Rxa3 Kxb5 35. Kd3 Bf6 36. Ra8 Ne7 37. Rf8 c5 38. Nd2 Nc6 39.
Nc4 Nd8 40. Nd6+ Kc6 41. Nxf7 Nb7 42. Rb8 Na5 43. c4 Kd7 44. Rb5 Nc6 45. Rxc5 Nb4+ 46. Kc3 Na2+ 47. Kc2 Nb4+ 48. Kb3 Nc6 49. Rd5+ Ke7 50.
Nd6 Nd4+ 51. Kb2 Ke6 52. c5 Be7 53. Nc4 Nf3 54. c6 Ng5 55. c7 Nxe4 56. Rxe5+ Kd7 57. Rxe7+ Kxe7 58. c8=Q 1-0

[Event "Late-Titled-Tuesday-Blitz-May-07-2024"]
[Site "Chess.com"]
[Date "2024.05.07"]
[Round "8"]
[White "jk13"]
[Black "MusicCityMaster"]
[Result "1-0"]
[WhiteElo "2628"]
[BlackElo "2473"]
[TimeControl "180+1"]
[EndTime "15:28:47 PDT"]
[Termination "jk13 won by resignation"]

1. e4 e6 2. d3 d5 3. Qe2 Nf6 4. Nf3 Nc6 5. g3 Bc5 6. Bg2 O-O 7. O-O dxe4 8. dxe4 e5 9. Bg5 h6 10. Rd1 Qe7 11.
Bxf6 Qxf6 12. c3 a5 13. a4 b6 14. Nbd2 Ba6 15. Qe1 g5 16. Bf1 Bxf1 17. Qxf1 Rad8 18.
Qe2 Rd7 19. Nb3 Bd6 20. Nfd2 Qe6 21. Qc4 Ne7 22. Qxe6 fxe6 23. Nc4 Rfd8 24. Kf1 Kg7 25.
Ke2 Kf6 26. Rd3 Nc6 27. Rad1 Ke7 28. Ne3 Rf8 29. Rh1 h5 30. h3 Nb8 31. Rhd1 Na6 32. Nc4 Rfd8 33. R1d2 Nb8 34. Rd1 Kf6 35. Nbd2 Bc5 36.
Rf3+ Kg7 37. Nxe5 Rd6 38. Nf7 Nc6 39. Nxd8 Rxd8 40. Nc4 Rxd1 41. Kxd1 e5 42. Rf5 Kg6 43. Nxe5+ Nxe5 44. Rxe5 Bxf2 45. g4 h4 46. Ke2 Bg3 47. Rf5 Bd6 48. e5 Bc5 49. e6 Bd6 50. Kd3 Bc5 51.
Ke4 Bd6 52. Kd5 Bg3 53. Kc6 Bd6 54. Kd7 1-0

[Event "Late-Titled-Tuesday-Blitz-May-07-2024"]
[Site "Chess.com"]
[Date "2024.05.07"]
[Round "8"]
[White "MarkusRagger"]
[Black "h4parah5"]
[Result "0-1"]
[WhiteElo "2817"]
[BlackElo "3027"]
[TimeControl "180+1"]
[EndTime "15:28:48 PDT"]
[Termination "h4parah5 won by resignation"]

1. d4 Nf6 2. c4 e6 3. Nf3 d5 4. g3 Bb4+ 5. Bd2 Be7 6. Bg2 Nbd7 7. O-O c6 8. Qc2 O-O 9. Bf4 Ne4 10. h4 h6 11. Nbd2 g5 12. Be3 Nd6 13. cxd5 exd5 14. Rad1 Nb6 15. Nb3 Bf5 16. Qc1 f6 17.
Bd2 Nbc4 18. Bc3 Ne4 19. Nfd2 Ncd6 20. Nxe4 Bxe4 21. Nd2 Bxg2 22. Kxg2 Qd7 23. Qc2 Qf5 24. Qxf5 Nxf5 25. hxg5 hxg5 26. g4 Nd6 27. f3 a5 28.
Rh1 Kg7 29. Nf1 Nb5 30. Ng3 Rh8 31. Nf5+ Kf7 32. Rxh8 Rxh8 33. Bxa5 Ra8 34. Rh1 Bf8 35. b4 Kg8 36. Kf2 Na3 37. Bb6 Nc4 38. Bc5 Bg7 39.
Ne7+ Kf7 40. Rh7 b6 41. Nf5 Rg8 42. Rxg7+ Rxg7 43. Nxg7 bxc5 44. dxc5 Kxg7 45. a4 Kf7 46.
a5 Na3 47. a6 Nb5 48. e3 Ke6 49. Ke2 f5 50. gxf5+ Kxf5 51. Kf2 g4 52. Kg3 gxf3 53. Kxf3 Ke5 54. Ke2 Ke4 55. Kd2 d4 56. exd4 Kxd4 57.
Kc2 Kc4 58. Kd2 Kxb4 59. Kd3 Kxc5 0-1

[Event "Late-Titled-Tuesday-Blitz-May-07-2024"]
[Site "Chess.com"]
[Date "2024.05.07"]
[Round "8"]
[White "The_Machine04"]
[Black "Sanan_Sjugirov"]
[Result "0-1"]
[WhiteElo "2779"]
[BlackElo "3021"]
[TimeControl "180+1"]
[EndTime "15:28:48 PDT"]
[Termination "Sanan_Sjugirov won by checkmate"]

1. d4 Nf6 2. Nf3 e6 3. Nbd2 c5 4. e3 cxd4 5. exd4 b6 6. c3 Bb7 7.
Bd3 Be7 8. O-O d6 9. Qe2 Nbd7 10.
Re1 O-O 11. Nf1 a6 12. a4 Re8 13. Ng3 Qc7 14. h4 Bf8 15. h5 e5 16. dxe5 dxe5 17.
Ne4 Nxe4 18. Bxe4 Bxe4 19. Qxe4 Nf6 20. Qf5 e4 21. Bf4 Qc5 22. Nd4 Rad8 23. Qxc5 Bxc5 24. h6 Bxd4 25. cxd4 Nd5 26. Bd2 Rc8 27. Rac1 f5 28. hxg7 Kxg7 29. g3 Kg6 30. Kg2 h5 31. Rh1 Ne7 32.
Be3 Nd5 33. Bd2 Red8 34. Be3 Nb4 35. b3 Nd5 36. Bd2 Ne7 37. Be3 b5 38. axb5 axb5 39. Rc5 Rxc5 40. dxc5 Rd3 41. Rc1 Nc6 42. Ra1 Nb4 43.
Ra5 Nd5 44. Rxb5 Nxe3+ 45. fxe3 Rxe3 46. b4 Rc3 47. Rb8 Rc2+ 48. Kf1 h4 49. gxh4 f4 50. Rf8 f3 51. h5+ Kxh5 52. Re8 Rc4 53. c6 Kg4 54. b5 Kf4 55. b6 Ke3 56. Kg1 f2+ 57.
Kg2 Rxc6 58. b7 Rg6+ 59. Kf1 Rg1# 0-1

[Event "Late-Titled-Tuesday-Blitz-May-07-2024"]
[Site "Chess.com"]
[Date "2024.05.07"]
[Round "8"]
[White "chenxiaoyuer"]
[Black "WilsonPalencia21"]
[Result "1-0"]
[WhiteElo "2795"]
[BlackElo "2570"]
[TimeControl "180+1"]
[EndTime "15:28:48 PDT"]
[Termination "chenxiaoyuer won on time"]

1. e4 c5 2. Nf3 d6 3. d4 cxd4 4. Nxd4 Nf6 5. Nc3 g6 6. Be2 Bg7 7. O-O O-O 8. Bg5 Nc6 9. Nb3 Be6 10. Kh1 h6 11. Bh4 g5 12. Bg3 d5 13. Nc5 d4 14.
Nxe6 fxe6 15. Nb1 Nxe4 16. Nd2 Nd6 17. Bg4 Qd7 18. Nb3 b6 19. Qe2 Nf5 20. Rae1 e5 21.
Nd2 e6 22. Nf3 Nxg3+ 23. hxg3 Qd5 24. Nd2 Rae8 25. Bf3 Qc5 26. Ne4 Qe7 27. Qb5 Nb4 28.
c3 Nd5 29. c4 Nb4 30. Rd1 Nxa2 31. c5 bxc5 32. Nxc5 Rb8 33. Qc4 Rfc8 34. Qxa2 Rxc5 35.
Bg4 Kf7 36. f4 exf4 37. gxf4 Bf6 38. fxg5 Rxg5 39. Bh3 Rb6 40. Rd3 Kg7 41. Ra3 a6 42. Rxa6 Rxa6 43. Qxa6 e5 44. b4 Qxb4 45. Qxf6+ Kh7 46.
Bf5+ 1-0

[Event "Late-Titled-Tuesday-Blitz-May-07-2024"]
[Site "Chess.com"]
[Date "2024.05.07"]
[Round "8"]
[White "Pig-filth"]
[Black "Licancabur"]
[Result "0-1"]
[WhiteElo "2321"]
[BlackElo "2492"]
[TimeControl "180+1"]
[EndTime "15:28:48 PDT"]
[Termination "Licancabur won on time"]

1. d4 d5 2. Bg5 Nf6 3. Bxf6 gxf6 4. e3 c5 5. Nc3 Nc6 6. Qh5 e6 7. dxc5 Bxc5 8. O-O-O Bd7 9. e4 Qa5 10. exd5 Nb4 11.
Bc4 O-O-O 12. Nf3 Rhg8 13. a3 Na6 14. Qxf7 e5 15. Ne4 Bxa3 16. Qxf6 Kb8 17. Qxe5+ Ka8 18. bxa3 Rc8 19. Bb3 Rge8 20. Qd4 Qxa3+ 21. Kb1 Nb4 22. Rd2 Ba4 23. d6 Bxb3 24. d7 Qa2+ 25. Kc1 Rxc2+ 0-1

[Event "Late-Titled-Tuesday-Blitz-May-07-2024"]
[Site "Chess.com"]
[Date "2024.05.07"]
[Round "8"]
[White "stollenmonster"]
[Black "Karacsonyi_Gellert"]
[Result "1-0"]
[WhiteElo "2874"]
[BlackElo "2715"]
[TimeControl "180+1"]
[EndTime "15:28:50 PDT"]
[Termination "stollenmonster won by resignation"]

1. e4 c5 2. Nf3 Nc6 3. Nc3 g6 4. d4 cxd4 5. Nxd4 Bg7 6. Nde2 Nf6 7. g3 d6 8. Bg2 h5 9. h3 Bd7 10. O-O Qc8 11. Kh2 a6 12. a4 Ne5 13. Nf4 O-O 14.
Ncd5 Nxd5 15. Nxd5 Qd8 16. Ra2 Nc4 17. b3 Nb6 18. a5 Nxd5 19. exd5 Rc8 20. Be3 Qc7 21.
c4 Rfe8 22. Bb6 Qb8 23. Re2 e5 24. dxe6 Bxe6 25. Qd2 Bd7 26. Rfe1 Rxe2 27. Rxe2 Re8 28. Bd5 Be6 29. Bxe6 Rxe6 30. Rxe6 fxe6 31. Qd3 Kh7 32. Qf3 Qc8 33. Qf7 e5 34. h4 Qc6 35. Bd8 Qc5 36. Kg1 Qc8 37. Bg5 e4 38. Be3 Qf5 39. Qxb7 Kh8 40. Qa8+ Kh7 41. Qxa6 Qf3 42. Qb7 g5 43.
Bxg5 Kg6 44. Be3 Be5 45. Qc8 Qd1+ 46. Kh2 Qf3 47. Qg8+ Kf6 48. Bg5+ Kf5 49. Qf7+ Kg4 50. Qxf3+ Kxf3 51. Be3 Bxg3+ 52. fxg3 Kxe3 53. a6 Kd2 54. a7 e3 55. a8=Q e2 56. Qd5+ Ke1 57. Qxh5 Kf1 58. Qxe2+ Kxe2 59. h5 d5 60. cxd5 1-0

[Event "Late-Titled-Tuesday-Blitz-May-07-2024"]
[Site "Chess.com"]
[Date "2024.05.07"]
[Round "8"]
[White "Tibmat"]
[Black "Byniolus"]
[Result "0-1"]
[WhiteElo "2678"]
[BlackElo "2835"]
[TimeControl "180+1"]
[EndTime "15:28:51 PDT"]
[Termination "Byniolus won on time"]

1. c4 d6 2. g3 e5 3. Bg2 g6 4. Nc3 Bg7 5. d3 f5 6. e4 Nf6 7. Nge2 O-O 8. O-O c6 9. h3 Nbd7 10. Be3 Nc5 11. Qd2 Be6 12. exf5 Bxf5 13. d4 Nce4 14.
Nxe4 Nxe4 15. Qd1 Nf6 16. Nc3 Re8 17. Qb3 Qc7 18. Rad1 exd4 19. Bxd4 Kh8 20. Rfe1 a6 21. Qb6 Rxe1+ 22. Rxe1 Qxb6 23. Bxb6 Nd7 24. Bc7 Ne5 25. c5 Nd3 26. Re7 dxc5 27. g4 Nxb2 28. Rxg7 Kxg7 29. gxf5 gxf5 30. Kf1 Nc4 31. f4 Rc8 32. Be5+ Kg6 0-1

[Event "Late-Titled-Tuesday-Blitz-May-07-2024"]
[Site "Chess.com"]
[Date "2024.05.07"]
[Round "8"]
[White "ChEsper99"]
[Black "szachmistrz2500"]
[Result "0-1"]
[WhiteElo "2302"]
[BlackElo "2469"]
[TimeControl "180+1"]
[EndTime "15:28:51 PDT"]
[Termination "szachmistrz2500 won on time"]

1. Nf3 c5 2. g3 Nc6 3. c4 g6 4. d4 cxd4 5. Nxd4 Bg7 6. e3 Nf6 7.
Bg2 O-O 8. O-O d5 9. Nxc6 bxc6 10. Nc3 Ba6 11. b3 Ne4 12. Nxe4 Bxa1 13. Nc5 Qc8 14. Ba3 Bf6 15. cxd5 Bxf1 16. Kxf1 Rd8 17. e4 cxd5 18. exd5 Qf5 19. Ne4 Rac8 20. d6 Be5 21. g4 Qf4 22. d7 Rc7 23. Nc5 Bd6 24. Nb7 Rdxd7 25. Nxd6 exd6 26. Kg1 d5 27. h3 d4 28. Qd3 Rc3 29. Qb5 Qc7 30. Bb2 Rc2 31. Ba3 d3 0-1

[Event "Late-Titled-Tuesday-Blitz-May-07-2024"]
[Site "Chess.com"]
[Date "2024.05.07"]
[Round "8"]
[White "realburq"]
[Black "Alexei_Gubajdullin"]
[Result "0-1"]
[WhiteElo "2357"]
[BlackElo "2552"]
[TimeControl "180+1"]
[EndTime "15:28:53 PDT"]
[Termination "Alexei_Gubajdullin won by resignation"]

1. e4 g6 2. d4 Bg7 3. Nf3 d6 4. Be2 Nf6 5. Nc3 O-O 6. O-O Nc6 7. d5 Nb4 8. h3 a5 9. Re1 c6 10. Bg5 Nd7 11. a3 Na6 12. Bf1 Re8 13. Qd2 Qb6 14. Na4 Qc7 15. Rad1 Ndc5 16. Nc3 Bd7 17. dxc6 bxc6 18. e5 d5 19. Bf4 Ne6 20.
Bg3 Qb6 21. Na4 Qc7 22. Nc3 Reb8 23. b3 Nac5 24. a4 Na6 25. Bxa6 Rxa6 26. Ne2 Qb6 27. Ned4 c5 28. Nb5 Bc6 29. h4 h6 30. h5 g5 31. Qd3 Rd8 32. Nc3 Ra7 33. Nh2 Rad7 34.
Ng4 Qb4 35. f3 c4 36. Qd2 d4 37. Ne4 d3 38. bxc4 dxc2 39. Qxc2 Bxa4 40. Rxd7 Bxc2 41.
Rxe7 Qxe7 0-1

[Event "Late-Titled-Tuesday-Blitz-May-07-2024"]
[Site "Chess.com"]
[Date "2024.05.07"]
[Round "8"]
[White "brouetoscope"]
[Black "HajiyevKanan"]
[Result "1-0"]
[WhiteElo "2340"]
[BlackElo "2542"]
[TimeControl "180+1"]
[EndTime "15:28:55 PDT"]
[Termination "brouetoscope won by resignation"]

1. d4 d5 2. Bf4 c5 3. e3 cxd4 4. exd4 Nc6 5. c3 Nf6 6. Bd3 Bg4 7. Qb3 Qb6 8. Qxb6 axb6 9. Nd2 e6 10. Ngf3 Kd7 11. h4 h5 12. Ng5 Ke8 13. a3 Be7 14.
O-O g6 15. Rae1 Kf8 16. Ndf3 Nh7 17. Nxh7+ Rxh7 18. Ng5 Rh8 19. f3 Bf5 20. Bxf5 gxf5 21. g3 b5 22. Nh3 Na5 23. Nf2 Nc4 24. Nd3 Rg8 25. Kh2 Rc8 26. Kh3 Rc6 27. Re2 Bf6 28. Rg2 Be7 29. g4 hxg4+ 30. fxg4 fxg4+ 31. Rxg4 Rxg4 32. Kxg4 f5+ 33. Kh3 Kf7 34. b3 Nxa3 35. Ne5+ Kf8 36. Nxc6 bxc6 37. h5 b4 38. cxb4 Nb5 39. Be5 Kf7 40.
Rg1 Bf8 41. Kh4 Be7+ 42. Kg3 Bf8 43. Kf4 Bxb4 44. Ke3 Bf8 45. Kd3 Na7 46. Bf4 Nb5 47. h6 Nd6 48. h7 Bg7 49. Be5 1-0

[Event "Late-Titled-Tuesday-Blitz-May-07-2024"]
[Site "Chess.com"]
[Date "2024.05.07"]
[Round "8"]
[White "Msb2"]
[Black "crescentmoon2411"]
[Result "1-0"]
[WhiteElo "3041"]
[BlackElo "2879"]
[TimeControl "180+1"]
[EndTime "15:28:59 PDT"]
[Termination "Msb2 won by resignation"]

1. d4 d5 2. c4 e6 3. Nc3 a6 4. e4 dxe4 5. Nxe4 Bb4+ 6. Nc3 c5 7. a3 Bxc3+ 8. bxc3 Nf6 9. Nf3 Nc6 10. Be2 O-O 11.
O-O h6 12. Bf4 b6 13. Rb1 Re8 14. h3 Bd7 15. Qb3 cxd4 16. cxd4 b5 17. cxb5 axb5 18. Bxb5 Na5 19. Qd3 Bxb5 20. Rxb5 Nc6 21. Rc1 Ne7 22. Ne5 Nf5 23. Rb7 Qxd4 24. Qf3 Qd5 25. Rcc7 Qxf3 26. Nxf3 Nd5 27. Rxf7 Nxf4 28. g4 Nd6 29. Rxg7+ Kf8 30. Rbd7 Red8 31. Ne5 Rxd7 32. Rxd7 Ra6 33. Kh2 Ke8 34.
Rh7 Rxa3 35. Rxh6 Ne4 36. Rh8+ Ke7 37. Rh7+ Kf8 38. Rf7+ Ke8 39. Rxf4 Ng5 40. f3 Ke7 41. h4 1-0

[Event "Late-Titled-Tuesday-Blitz-May-07-2024"]
[Site "Chess.com"]
[Date "2024.05.07"]
[Round "8"]
[White "GoltsevDmitry2000"]
[Black "Naoki"]
[Result "0-1"]
[WhiteElo "2736"]
[BlackElo "2606"]
[TimeControl "180+1"]
[EndTime "15:29:00 PDT"]
[Termination "Naoki won by checkmate"]

1. e4 e5 2. Nf3 Nc6 3. Bb5 a6 4. Ba4 Nf6 5. O-O Be7 6. Re1 b5 7. Bb3 O-O 8. c3 d5 9. d4 Nxe4 10. Nxe5 Nxe5 11. dxe5 Be6 12. Nd2 Nxd2 13. Bxd2 Bf5 14.
Qf3 Be4 15. Qh3 c6 16. Rad1 Qc8 17. Qg3 Qf5 18. f3 Bc2 19. Bh6 Qg6 20. Bxg7 Bc5+ 21. Kh1 Qxg3 22. hxg3 Kxg7 23. Bxc2 Bf2 24. Rf1 Bxg3 25.
f4 h5 26. Rd3 h4 27. Rff3 f6 28. e6 f5 29. Rde3 Kf6 30. Re5 Ke7 31. Bxf5 Rf6 32. Bg4 Raf8 33. Rg5 Rxf4 34. Rg7+ Kd6 35. Rxf4 Rxf4 36.
Rd7+ Kc5 37. Bf3 Rf5 38. e7 Re5 39. Be2 Rxe2 40. Kg1 Re1# 0-1

[Event "Late-Titled-Tuesday-Blitz-May-07-2024"]
[Site "Chess.com"]
[Date "2024.05.07"]
[Round "8"]
[White "dlp300"]
[Black "Mikhal867"]
[Result "1/2-1/2"]
[WhiteElo "2651"]
[BlackElo "2539"]
[TimeControl "180+1"]
[EndTime "15:29:00 PDT"]
[Termination "Game drawn by repetition"]

1. e4 g6 2. d4 Bg7 3. Nc3 d6 4. Be3 a6 5. Qd2 b5 6. a4 b4 7. Nd1 Nf6 8. f3 Nc6 9. d5 Ne5 10. Qxb4 O-O 11. Ne2 e6 12. c4 c5 13. Qb3 exd5 14.
cxd5 c4 15. Qc2 Nd3+ 16. Kd2 Rb8 17. Nd4 Nb4 18. Qxc4 Nd7 19. Be2 Nc5 20. Nc3 f5 21. exf5 Bxf5 22. Nxf5 Rxf5 23. Rhd1 Qe8 24. Bxc5 dxc5 25.
Ne4 Bxb2 26. Rab1 Bd4 27. Ke1 Qxa4 28. Rxd4 cxd4 29. d6+ Kh8 30. Qc7 Nc2+ 31. Kf2 Rxb1 32. d7 Rd5 33. d8=Q+ Rxd8 34. Qxd8+ Kg7 35. Qf6+ Kg8 36.
Qd8+ Kg7 37. Qf6+ Kg8 38. Qd8+ Kg7 1/2-1/2

[Event "Late-Titled-Tuesday-Blitz-May-07-2024"]
[Site "Chess.com"]
[Date "2024.05.07"]
[Round "8"]
[White "Hirna2005"]
[Black "robertoalejandro10"]
[Result "0-1"]
[WhiteElo "2333"]
[BlackElo "2508"]
[TimeControl "180+1"]
[EndTime "15:29:01 PDT"]
[Termination "robertoalejandro10 won on time"]

1. e4 c5 2. c3 d5 3. exd5 Qxd5 4. Nf3 g6 5. Na3 Bg7 6. Bc4 Qd8 7. O-O Nf6 8. d4 cxd4 9. Nxd4 O-O 10. Bf4 Nbd7 11.
Re1 e5 12. Bxe5 Nxe5 13. Rxe5 Qc7 14. Re3 a6 15. h3 b5 16. Bb3 Bb7 17. Qe2 Nd5 18. Re4 b4 19. Bxd5 Bxd5 20. Re7 Qc5 21. Nac2 bxc3 22. bxc3 Qxc3 23. Rd1 Bxa2 24. Rd3 Qb2 25. Rc7 Rac8 26. Qe7 Rxc7 27. Qxc7 Bb1 28. Rb3 Qc1+ 29. Kh2 Bxd4 30. Rxb1 Qxb1 31. Nxd4 Qe4 32. Nc6 Qe6 33. Ne7+ Kg7 34. Qc3+ Qf6 35. Qc5 Re8 36. Nd5 Qe5+ 37. g3 Re6 0-1

[Event "Late-Titled-Tuesday-Blitz-May-07-2024"]
[Site "Chess.com"]
[Date "2024.05.07"]
[Round "8"]
[White "dianamirza"]
[Black "Kostukov_Alex"]
[Result "0-1"]
[WhiteElo "1948"]
[BlackElo "2366"]
[TimeControl "180+1"]
[EndTime "15:29:01 PDT"]
[Termination "Kostukov_Alex won by resignation"]

1. e4 c5 2. Nf3 g6 3. d4 cxd4 4. Nxd4 Nf6 5. Nc3 Bg7 6. Be3 Nc6 7. f3 O-O 8. Be2 d5 9. exd5 Nb4 10. O-O Nfxd5 11. Nxd5 Nxd5 12. Bf2 Nf4 13. c3 Nxe2+ 14.
Qxe2 e5 15. Nb5 Bd7 16. Rad1 Qe7 17. Nxa7 Be6 18. a3 Kh8 19. Nb5 f5 20. b4 Qf7 21.
Bc5 Bc4 22. Qf2 Bxb5 23. Bxf8 Rxf8 24. Rfe1 Bc6 25. Qc5 Re8 26. c4 e4 27. b5 Bf8 28.
Qd4+ Bg7 29. Qc5 Bd7 30. Qc7 Be6 31. Qxf7 Bxf7 32. Rd7 Bxc4 33. Rxb7 e3 34. a4 e2 35.
Rd7 Bc3 36. Kf2 Bxe1+ 37. Kxe1 Ra8 38. Rc7 Rxa4 39. b6 Ra1+ 0-1

[Event "Late-Titled-Tuesday-Blitz-May-07-2024"]
[Site "Chess.com"]
[Date "2024.05.07"]
[Round "8"]
[White "Bala-Afiada"]
[Black "ashookk"]
[Result "0-1"]
[WhiteElo "2005"]
[BlackElo "2374"]
[TimeControl "180+1"]
[EndTime "15:29:01 PDT"]
[Termination "ashookk won on time"]

1. d4 Nf6 2. c4 c5 3. d5 b5 4.
cxb5 a6 5. b6 g6 6. Nc3 d6 7. a4 a5 8. e4 Ba6 9. Bb5+ Nfd7 10.
Nf3 Bg7 11. O-O O-O 12. Qe2 Bxb5 13. Nxb5 Nxb6 14. Nd2 Qd7 15. f4 Na6 16. Nc4 Nxc4 17. Qxc4 Rfb8 18. Ra3 Nc7 19. Nxc7 Qxc7 20. e5 dxe5 21.
fxe5 Bxe5 22. d6 exd6 23. Rh3 Qe7 24. b3 Qe6 25. Qh4 h5 26. Bg5 Rxb3 27. Rxb3 Qxb3 28.
Bf6 Qe3+ 29. Kh1 Qd4 30. Qg5 Re8 31. Bxe5 Qxe5 32. Qh4 d5 33. Qf2 Qe7 34. Qc2 d4 35. h3 Rd8 36. Qc4 d3 37. Rd1 d2 38. Qc3 Qe2 39. Qc2 c4 0-1

[Event "Late-Titled-Tuesday-Blitz-May-07-2024"]
[Site "Chess.com"]
[Date "2024.05.07"]
[Round "8"]
[White "ChessWarrior7197"]
[Black "TigrVShlyape"]
[Result "1-0"]
[WhiteElo "3147"]
[BlackElo "2965"]
[TimeControl "180+1"]
[EndTime "15:29:02 PDT"]
[Termination "ChessWarrior7197 won on time"]

1. e4 e5 2. Bc4 Nf6 3. Nc3 c6 4. Nf3 d5 5. Bb3 Bg4 6. h3 Bxf3 7. Qxf3 d4 8. Ne2 Nbd7 9. d3 Nc5 10. Qg3 Qd6 11.
O-O Nxb3 12. axb3 Nh5 13. Qh4 g6 14. f4 Be7 15. Qf2 f6 16. g4 Nxf4 17. Nxf4 exf4 18. Bxf4 Qd7 19. Bh6 Rg8 20. Kh1 b6 21. Bf4 c5 22.
Qf3 Qc6 23. Bg3 a5 24. Rae1 Kd7 25. c3 dxc3 26. bxc3 a4 27. bxa4 Rxa4 28. Rb1 Rga8 29. g5 fxg5 30. Qg4+ Ke8 31. Be5 h5 32. Qf3 Qe6 33.
d4 cxd4 34. Bxd4 g4 35. Qf4 g5 36. Qe3 R8a6 37. Rb5 R4a5 38. Rbf5 Rxf5 39. Rxf5 Ra1+ 40. Kg2 Ra2+ 41. Kg1 Ra1+ 42. Kg2 Ra2+ 43. Kf1 Ra1+ 44. Kf2 Ra2+ 45. Kg3 Bd6+ 46. e5 Qxf5 47. exd6+ Kd7 48.
Qe7+ Kc6 49. Qc7+ Kd5 50. Qb7+ Kc4 51. Qc8+ Kd3 52. Qxf5+ 1-0

[Event "Late-Titled-Tuesday-Blitz-May-07-2024"]
[Site "Chess.com"]
[Date "2024.05.07"]
[Round "8"]
[White "djano"]
[Black "Hasangatin_Ramil"]
[Result "0-1"]
[WhiteElo "2538"]
[BlackElo "2682"]
[TimeControl "180+1"]
[EndTime "15:29:02 PDT"]
[Termination "Hasangatin_Ramil won by resignation"]

1. e4 d5 2. exd5 Qxd5 3. Nf3 Nf6 4. Nc3 Qd6 5. Nb5 Qd8 6. d4 c6 7. Na3 Bg4 8. Be2 Nbd7 9. O-O Nb6 10. c3 e6 11. Nc4 Bxf3 12. gxf3 Nxc4 13. Bxc4 Bd6 14. f4 g6 15. Qf3 O-O 16. f5 exf5 17. Bg5 Be7 18.
Rfe1 Nd5 19. Rxe7 Nxe7 20. Qe3 Nd5 21. Qg3 f6 22. Bh6 Re8 23. h4 Kf7 24. Bb3 Qb8 25. Qf3 Re4 26. c4 Nb6 27. d5 c5 28. d6 Qxd6 29.
Rd1 Rd4 30. Qxb7+ Qd7 31. Qf3 Rxd1+ 32. Bxd1 Re8 33. Be3 Re5 34. b4 f4 35. Bxc5 Re1+ 36. Kg2 Rxd1 37. Qxf4 Qb7+ 38. f3 Qd7 39. Bf2 Rd2 40.
c5 Nc8 41. c6 Qd6 42. Qh6 Kg8 43. c7 Qd4 44. Kh3 Qxf2 0-1

[Event "Late-Titled-Tuesday-Blitz-May-07-2024"]
[Site "Chess.com"]
[Date "2024.05.07"]
[Round "8"]
[White "Redzishchess"]
[Black "Nechitaylo_Nikita"]
[Result "0-1"]
[WhiteElo "2495"]
[BlackElo "2360"]
[TimeControl "180+1"]
[EndTime "15:29:05 PDT"]
[Termination "Nechitaylo_Nikita won on time"]

1. Nf3 c5 2. g3 Nc6 3. Bg2 g6 4. O-O Bg7 5. c3 d5 6. d4 cxd4 7. cxd4 Bg4 8. e3 Nf6 9. Nc3 O-O 10. Bd2 Ne4 11. Rc1 f5 12. h3 Bxf3 13. Bxf3 e6 14. Qe2 Bxd4 15. Bxe4 dxe4 16. exd4 Nxd4 17. Qe3 Nf3+ 18.
Kg2 Qxd2 19. Qc5 b6 20. Qe7 Rfe8 21. Qf6 Qd4 22. Qxd4 Nxd4 23. Rfd1 e5 24. g4 Rac8 25. gxf5 gxf5 26. Nd5 Kf7 27. Rc3 Nf3 28. Ra3 Rg8+ 29. Kh1 a5 30. Nxb6 Rcd8 31. Rc1 Rd2 32. Rxa5 Rxf2 33.
Ra7+ Kg6 34. Rg1+ Kh6 0-1